 Dungeon Crawl Stone Soup version 0.30.1-9-gdf580d7c3d (webtiles) character file.

Game seed: 965590038705331969

181 NullDivider the Stinger (level 5, -3/31 HPs)
             Began as an Octopode Venom Mage on Sept 28, 2023.
             Killed by divine providence
             ... invoked by an orc priest
              (12 damage)
             ... on level 3 of the Dungeon.
             The game lasted 00:13:24 (2996 turns).

NullDivider the Stinger (Octopode Venom Mage)       Turns: 2996, Time: 00:13:24

Health: -3/31      AC:  1    Str:  8    XL:     5   Next: 61%
Magic:  4/9        EV: 14    Int: 17    God:
Gold:   110        SH:  5    Dex: 14    Spells: 3/9 levels left

rFire   . . .        (no weapon)
rCold   . . .        (no shield)
rNeg    . . .        (helmet restricted)
rPois   .            b - amulet of reflection
rElec   .            (no ring)
rCorr   .            (no ring)
SInv    .            (no ring)
Will    .....        (no ring)
Stlth   ++++         (no ring)
HPRegen 0.25/turn    (no ring)
MPRegen 0.11/turn    (no ring)
                     (no ring)

%: reflection
@: no status effects
A: almost no armour, amphibious, 8 rings, camouflage 1, gelatinous body 1,
(nimble swimmer 1), tentacles
a: no special abilities


You were on level 3 of the Dungeon.
You visited 1 branch of the dungeon, and saw 3 of its levels.

You collected 110 gold pieces.

Inventory:

Hand Weapons
 p - the +7 dagger "Wixol" {antimagic, rCorr}
   (You found it on level 3 of the Dungeon)

   rCorr:     It protects you from acid and corrosion.
Jewellery
 b - an amulet of reflection (around mantle)
Wands
 n - a wand of charming (21)
Scrolls
 c - 2 scrolls of noise {unknown}
 d - a scroll of brand weapon {unknown}
 e - 2 scrolls of fear {unknown}
 g - 2 scrolls of amnesia {unknown}
 h - 2 scrolls of vulnerability {unknown}
 j - 2 scrolls of identify {unknown}
 k - 3 scrolls of teleportation
 l - 2 scrolls of poison {unknown}
 m - 3 scrolls of enchant armour {unknown}
Potions
 a - a potion of magic
 f - a potion of brilliance {unknown}
 i - 3 potions of curing {unknown}
 o - a potion of heal wounds {unknown}


   Skills:
 + Level 3.0 Dodging
 + Level 4.3 Stealth
 + Level 2.9 Spellcasting
 - Level 1.0 Transmutations
 + Level 1.8 Air Magic
 + Level 4.7 Poison Magic


You had 3 spell levels left.
You knew the following spells:

 Your Spells              Type           Power      Damage    Failure   Level
a - Sting                 Tmut/Pois      48%        1d5       5%          1
b - Poisonous Vapours     Pois/Air       26%        N/A       7%          2
c - Mephitic Cloud        Conj/Pois/Air  9%         N/A       22%         3

Your spell library contained the following spells:

 Spells                   Type           Power      Damage    Failure   Level
 Summon Small Mammal      Summ           8%         N/A       19%         1
 Call Canine Familiar     Summ           2%         N/A       47%         3
 Summon Guardian Golem    Hex/Summ       2%         N/A       47%         3
 Olgreb's Toxic Radiance  Pois           18%        N/A       26%         4


Dungeon Overview and Level Annotations

Branches:
Dungeon (3/15)

Altars:

Shops:
D:1 [


Innate Abilities, Weirdness & Mutations

You cannot wear most types of armour.
You are amphibious.
You can wear up to eight rings at the same time.
Your skin changes colour to match your surroundings (Stealth+).
Your rubbery body absorbs attacks. (AC +1, EV +1)
((You are camouflaged when in or above water. (Stealth+)))
You have tentacles for arms and can constrict up to eight enemies at once.


Message History

The orc priest appears confused.
Really attack while wielding nothing? [Y]es or [N]o only, please.
Really attack while wielding nothing?
You tentacle-slap the orc priest but do no damage.
You grab the orc priest.
You squeeze the orc priest, but do no damage.
The orc priest is moderately wounded.
You constrict the orc priest.
The orc priest calls upon Beogh to heal the orc priest.
The orc priest's wounds heal themselves!
The orc priest misses you.
You catch the helpless orc priest completely off-guard!
You tentacle-slap the orc priest but do no damage.
You constrict the orc priest, but do no damage.
The orc priest hits you with a +0 hand axe.
You tentacle-slap the orc priest.
You squeeze the orc priest, but do no damage.
The orc priest is lightly wounded.
You constrict the orc priest, but do no damage.
You block the orc priest's attack.
You tentacle-slap the orc priest but do no damage.
You squeeze the orc priest.
The orc priest is moderately wounded.
You constrict the orc priest. You block the orc's attack.
The orc priest completely misses you.
You strike the helpless orc priest from behind!
You tentacle-slap the orc priest. You squeeze the orc priest.
The orc priest is heavily wounded.
You constrict the orc priest. The orc misses you.
The orc hits the orc priest with a +1 flail of holy wrath.
You tentacle-slap the orc priest but do no damage.
You squeeze the orc priest.
You kill the orc priest!
The orc priest hits you with a +0 dagger.
* * * LOW HITPOINT WARNING * * *
The orc closely misses you.
The orc priest mumbles some strange prayers to Beogh against you.
Beogh smites you!
You die...

.....(###.# #.# #.## #######
#.# #.# #.# #.#######.# #.#
#.........# #.# ######.#.###
#.# ########.$$ #....######
#.# ......#$8$8.##oo......#
#.# #######_$$(.'.o..####.#
#.# #.8$8.#.##@##... #####.#
##$$.##..#.##.# ##...#.#
############........###......#
..........#....#.##.##.......#
######.###.##.##.##..........#
.......# #....##.##.##.......#
##.##..###...###.##.###......#
##.##.#......................#
##.##.##.###.###.##.#####.####


You could see an orc priest and 2 orcs.

Vanquished Creatures
  An orc priest (D:3)
  Crazy Yiuf (D:2)
  2 orc wizards (D:3)
  3 gnolls (D:3)
  2 orcs (D:3)
  3 endoplasms
  4 giant cockroaches
  5 goblins
  4 hobgoblins
  2 jackals (D:3)
  2 quokkas
  5 ball pythons
  2 bats
  6 frilled lizards
  6 kobolds
  3 rats (D:1)
51 creatures vanquished.

Notes
Turn   | Place    | Note
-------+----------+-------------------------------------------
     0 | D:1      | NullDivider the Octopode Venom Mage began the quest for the
                  | Orb.
     0 | D:1      | Reached XP level 1. HP: 11/11 MP: 3/3
   259 | D:1      | Found Feenom's Armour Boutique.
   260 | D:1      | Found a faded altar of an unknown god.
   383 | D:1      | Reached XP level 2. HP: 16/17 MP: 3/5
   568 | D:1      | Learned a level 2 spell: Poisonous Vapours
  1260 | D:2      | Reached XP level 3. HP: 21/21 MP: 4/6
  1283 | D:2      | Learned a level 3 spell: Mephitic Cloud
  1484 | D:2      | Found a runed translucent door.
  1485 | D:2      | Noticed Crazy Yiuf
  1849 | D:2      | Killed Crazy Yiuf
  1965 | D:3      | Reached skill level 1 in Air Magic
  1965 | D:3      | Reached XP level 4. HP: 27/27 MP: 5/7
  2537 | D:3      | Reached XP level 5. HP: 18/31 MP: 0/9
  2856 | D:3      | Identified the +7 dagger "Wixol" {antimagic, rCorr}
  2996 | D:3      | Killed from afar by an orc priest

Illustrated notes

Levels and vault maps discovered:
D:1:      elethiomel_arrival_maze, layout_loops_ring,
          dreamdust_ecumenical_altar_grove, serial_shops, shop_statue
D:2:      layout_loops_ring, uniq_crazy_yiuf_cottage
D:3:      layout_loops_ring, kennysheep_orc_chapel

Skill      XL: |  1  2  3  4  5 |
---------------+----------------+-----
Stealth        | 3 4 |  4.3
Poison Magic   | 4 |  4.7
Air Magic      | 1 |  1.8
Dodging        | 3 |  3.0
Spellcasting   | |  2.9
Transmutations | |  1.0

Action                     |  1- 3 |  4- 6 || total
---------------------------+-------+-------++-------
  Melee: Unarmed           |    29 |    26 ||    55
         Constrict         |     9 |     6 ||    15
         Tentacles         |     6 |    13 ||    19
         Punch             |     2 |       ||     2
   Cast: Sting             |    37 |    19 ||    56
         Poisonous Vapours |       |    13 ||    13
         Mephitic Cloud    |       |     2 ||     2
    Use: Scroll            |     1 |       ||     1
   Stab: Confused          |       |     2 ||     2
         Sleeping          |       |     1 ||     1
 Armour: Skin              |     3 |       ||     3
  Dodge: Dodged            |    13 |    18 ||    31
  Block: Other             |     4 |     4 ||     8
